 Dungeon Crawl Stone Soup version 0.21.1-1-g345015f (webtiles) character file.

147 Figureslego113 the Ruffian (level 5, -5/45 HPs)
             Began as a Ghoul Monk on June 21, 2018.
             Killed from afar by Ijyb (11 damage)
             ... with a wand of flame (20)
             ... on level 2 of the Dungeon.
             The game lasted 00:05:52 (2477 turns).

Figureslego113 the Ruffian (Ghoul Monk)             Turns: 2477, Time: 00:05:53

Health: -5/45      AC:  2    Str: 15    XL:     5   Next: 29%
Magic:  4/4        EV: 13    Int:  5    God:
Gold:   63         SH:  0    Dex: 12    Spells: 4/4 levels left

rFire    . . .     SeeInvis .     - Unarmed
rCold    + . .     Gourm    .   (no shield)
rNeg     + + +     Faith    .   a - +0 robe
rPois    ∞         Spirit   .   (no helmet)
rElec    .         Reflect  .   (no cloak)
rCorr    .         Harm     .   (no gloves)
MR       .....                  (no boots)
Stlth    ++........             (no amulet)
HPRegen  0.00/turn              (no ring)
MPRegen  0.09/turn              (no ring)

@: rotting
A: rotting body, claws 1, carnivore, cold resistance 1, negative energy
resistance 3, inhibited regeneration, torment resistance, unbreathing
a: no special abilities


You were on level 2 of the Dungeon.
You were not hungry.

You visited 1 branch of the dungeon, and saw 3 of its levels.

You collected 63 gold pieces.

Inventory:

Armour
 a - a +0 robe (worn)
Jewellery
 e - an uncursed amulet of faith {unknown}
Scrolls
 f - a scroll of fear {unknown}
 g - 4 scrolls of identify {unknown}
 j - a scroll of remove curse {unknown}
Potions
 c - a potion of ambrosia {unknown}
 h - 2 potions of heal wounds {unknown}
 i - 3 potions of curing {unknown}
 k - a potion of experience {unknown}
 l - a potion of lignification {unknown}
Comestibles
 b - 6 rations
 d - a chunk of flesh


   Skills:
 + Level 3.6 Fighting
 * Level 3.6 Dodging
 - Level 2.1 Stealth
 * Level 5.4 Unarmed Combat


You had 4 spell levels left.
You didn't know any spells.

Dungeon Overview and Level Annotations

Branches:
Dungeon (3/15)

Altars:

Annotations:
D:2 Grinder, Ijyb


Innate Abilities, Weirdness & Mutations

Your body is rotting away.
You thrive on raw meat.
You are immune to poison.
You have sharp fingernails.
You are carnivorous and can eat meat at any time.
Your flesh is cold resistant. (rC+)
You are immune to negative energy. (rN+++)
You do not regenerate when monsters are visible.
You are immune to unholy pain and torment.
You can survive without breathing.


Message History

Grinder is moderately wounded.
Ijyb zaps a wand.
The puff of flame hits you!
* * * LOW HITPOINT WARNING * * *
Grinder hits you.
* * * LOW HITPOINT WARNING * * *
You closely miss Grinder.
Grinder is moderately wounded.
Ijyb misses you. Grinder gestures at you. You resist with significant effort.
You barely miss Grinder.
Grinder is moderately wounded.
Ijyb hits you.
* * * LOW HITPOINT WARNING * * *
Grinder blinks!
Grinder blinks!
Things that are here:
a club; a hobgoblin skeleton Ijyb zaps a wand.
The puff of flame hits you!
You die...

.#.###....#....# ####.#
.#.####...#....# #..<.#
.#.##...#####..# #.####
.#)##.#...#.§..# #.# ####
.#.##.###.#.##.## #.# #...
.#..........#.#.## #.# #.##
.#.##.###..#.###.########.####.##
...#...##5..#####§g..[..........#
.........#.#....@##############.#
.###.......##...## #..
........#..##...# #.#
#####.#...####..# #.# #
#...........# #.# ##
##.###.####.# #.# .####.##
##.....# #.# ......# #.##### #.#
.####.## ##.# #.#


You could see Grinder and Ijyb.

Vanquished Creatures
  Terence (D:3)
  6 adders
  A worm (D:2)
  3 dart slugs
  4 leopard geckos
  4 bats
  2 giant cockroaches (D:2)
  12 goblins
  3 hobgoblins
  4 jackals (D:1)
  A quokka (D:2)
  2 frilled lizards (D:2)
  6 kobolds
  6 rats
55 creatures vanquished.

Notes
Turn   | Place    | Note
-------+----------+-------------------------------------------
     0 | D:1      | Figureslego113 the Ghoul Monk began the quest for the Orb.
     0 | D:1      | Reached XP level 1. HP: 19/19 MP: 0/0
    60 | D:1      | Reached XP level 2. HP: 24/26 MP: 1/1
   721 | D:1      | Reached XP level 3. HP: 30/31 MP: 2/2
   761 | D:1      | Reached skill level 4 in Unarmed Combat
  1185 | D:2      | Reached XP level 4. HP: 5/39 MP: 3/3
  2134 | D:3      | Noticed Terence
  2142 | D:3      | Reached skill level 5 in Unarmed Combat
  2142 | D:3      | Reached XP level 5. HP: 28/45 MP: 4/4
  2312 | D:3      | Killed Terence
  2365 | D:3      | Noticed Ijyb
  2366 | D:3      | Noticed Grinder
  2477 | D:2      | Killed from afar by Ijyb

Skill      XL: |  1  2  3  4 |
---------------+-------------+-----
Dodging        | 3 |  3.6
Unarmed Combat | 4 5 |  5.4
Fighting       | |  3.6
Stealth        | |  2.1

Action                   |  1- 3 |  4- 6 || total
-------------------------+-------+-------++-------
Melee: Unarmed           |    85 |    84 ||   169
       Punch             |     1 |     1 ||     2
 Stab: Sleeping          |     4 |     1 ||     5
  Eat: Chunk             |     1 |     6 ||     7
Armor: Robe              |     9 |    11 ||    20
Dodge: Dodged            |    45 |    62 ||   107
